AoeStats
← VYR ✪TG-cvh

Arena

510917965Analyzed
1v1 RM · 8h ago on Oct 3, 2026· 53m 57s· 2 players
Game mode
Random Map
Map size
Tiny (2 player)
Population
200
Speed
Normal
Resources
Standard
Victory
Conquest
Starting age
Dark Age
Ending age
Imperial Age
RankedLock teamsTeams togetherTeam positionsShared explorationLock speedFull tech treeHidden civsTurbo modeCheats
Victory
Defeat
🇪🇸 Hindustanis · Spain
1376
+14
🇺🇸 Koreans · United States
1333
-14
Astroglide
10:38 Feudal Age
15:10 Castle Age
12:59 Double-Bit Axe
13:13 Horse Collar
15:30 Loom
24:31 Imperial Age
23:02 Fletching
23:14 Fletching
24:49 Bow Saw
26:18 Chemistry
27:53 Wheelbarrow
30:22 Bodkin Arrow
38:38 Squires
38:23 Arson
41:38 Scale Mail Armor
43:00 Chain Mail Armor
42:56 Forging
45:49 Conscription
46:10 Elite Fire Lancer
49:05 Capped Ram
53:01 Bracer
VYR ✪TG-cvh
10:32 Feudal Age
12:10 Loom
14:51 Castle Age
13:45 Double-Bit Axe
23:05 Horse Collar
29:21 Imperial Age
27:33 Bow Saw
27:59 Heavy Plow
28:38 Bloodlines
28:29 Husbandry
29:23 Scale Barding Armor
31:09 Chemistry
30:53 Chain Barding Armor
30:44 Forging
30:44 Heavy Camel Rider
32:57 Plate Barding Armor
33:55 Iron Casting
34:10 Heavy Camel Rider
39:55 Redemption
45:22 Padded Archer Armor
47:02 Leather Archer Armor
Connection lost

Rejoining the realm…

Still unreachable

The connection could not be restored.

Session expired

The server has moved on; the page needs a fresh start.